 Dungeon Crawl Stone Soup version 0.24.0-13-gcf9b319 (webtiles) character file.

Game seed: 13242664010463551891, levelgen mode: deterministic

92 Fang the Skirmisher (level 4, -5/29 HPs)
             Began as a Gargoyle Berserker on Dec 2, 2019.
             Was a Believer of Trog.
             Slain by an ogre
             ... wielding a +0 giant club
              (21 damage)
             ... on level 2 of the Dungeon.
             The game lasted 00:01:34 (1343 turns).

Fang the Skirmisher (Gargoyle Berserker)            Turns: 1343, Time: 00:01:35

Health: -5/29      AC:  5    Str: 21    XL:     4   Next: 60%
Magic:  4/4        EV: 12    Int:  8    God:    Trog [**....]
Gold:   96         SH:  0    Dex:  9    Spells: 3/3 levels left

rFire    . . .     SeeInvis .   a - +0 hand axe
rCold    . . .     Gourm    .   (no shield)
rNeg     + . .     Faith    .   b - +0 animal skin
rPois    ∞         Spirit   .   (no helmet)
rElec    +         Reflect  .   (no cloak)
rCorr    .         Harm     .   (no gloves)
MR       .....                  (no boots)
Stlth    +.........             (no amulet)
HPRegen  0.09/turn              (no ring)
MPRegen  0.09/turn              (no ring)

@: no status effects
A: negative energy resistance 1, electricity resistance, unbreathing,
petrification resistance, rot immunity, AC +3
a: Berserk, Trog's Hand, Renounce Religion


You were on level 2 of the Dungeon.
You worshipped Trog.
Trog was pleased with you.
You were not hungry.

You visited 1 branch of the dungeon, and saw 2 of its levels.

You collected 96 gold pieces.

Inventory:

Hand Weapons
 a - a +0 hand axe (weapon)
Armour
 b - a +0 animal skin (worn)
Scrolls
 h - a scroll of random uselessness {unknown}
 j - a scroll of enchant weapon {unknown}
 k - a scroll of amnesia {unknown}
 l - 2 scrolls of identify {unknown}
 m - a scroll of fog {unknown}
 n - a scroll of blinking {unknown}
Potions
 e - a potion of invisibility {unknown}
 f - 2 potions of heal wounds {unknown}
 g - a potion of lignification {unknown}
 i - a potion of mutation {unknown}
 o - a potion of degeneration {unknown}
 p - a potion of brilliance {unknown}
 q - a potion of ambrosia {unknown}
Comestibles
 c - 4 rations
 d - 9 chunks of flesh


   Skills:
 + Level 4.0 Fighting
 + Level 3.3 Axes
 + Level 3.1 Armour
 + Level 2.3 Dodging


You had 3 spell levels left.
You didn't know any spells.
Your spell library was empty.

Dungeon Overview and Level Annotations

Branches:
Dungeon (2/15)

Altars:
Nemelex Xobeh


Innate Abilities, Weirdness & Mutations

You are resistant to torment.
Your stone body is resilient. (AC +3)
You are immune to poison.
You resist negative energy. (rN+)
You are resistant to electric shocks. (rElec)
You can survive without breathing.
You are immune to petrification.
You are immune to rotting.


Message History

You butcher the jackal corpse.
d - 9 chunks of flesh (gained 2)
You see here a jackal skeleton. x2
f - 2 murky orange potions (gained 1)
You open the door.
There is an open door here.
You open the door.
There is an open door here.
You open the door.
There is an open door here.
Found a stone staircase leading up.
An ogre comes into view. It is wielding a +0 giant club.
The ogre shouts!
An ogre is nearby!
You hit the ogre but do no damage. The ogre hits you with a +0 giant club.
You hit the ogre.
The ogre is lightly wounded.
The ogre hits you with a +0 giant club!!
Ouch! That really hurt!
You die...

.......<..÷..... #.
...<........#.## #.
###.......#..... #.
........#.#.#.#. #.
..........#.#...
#.#########..#.....
######.#<......#........
........................
.......@....#.##.##.....
######O####.#.##+##..)..
... #.......#..... ###.
#..#....#..... #.
#..#....#..... .. #
#..#....#.....
####'#......#######
........### #
#.......#########


You could see an ogre.

Vanquished Creatures
  3 adders (D:2)
  A worm (D:2)
  4 dart slugs
  2 leopard geckos (D:1)
  4 bats
  3 giant cockroaches (D:2)
  4 goblins
  9 hobgoblins
  6 jackals
  3 frilled lizards
  5 kobolds
  5 rats
49 creatures vanquished.

Notes
Turn   | Place    | Note
-------+----------+-------------------------------------------
     0 | D:1      | Fang the Gargoyle Berserker began the quest for the Orb.
     0 | D:1      | Reached XP level 1. HP: 14/14 MP: 1/1
   144 | D:1      | Reached XP level 2. HP: 16/19 MP: 2/2
   478 | D:1      | Reached XP level 3. HP: 23/23 MP: 3/3
   855 | D:2      | Reached ** piety under Trog
   906 | D:2      | Found a sparkling altar of Nemelex Xobeh.
  1175 | D:2      | Reached XP level 4. HP: 27/29 MP: 4/4
  1182 | D:2      | Reached skill level 4 in Fighting
  1341 | D:2      | Noticed an ogre
  1343 | D:2      | Slain by an ogre

Levels and vault maps discovered:
D:1:      dpeg_arrival_concentric_ovals, layout_loops_corners
D:2:      layout_basic, nicolae_overflow_hidden_temple,
          overflow_temple_1_default, minmay_tetromino_i4

Skill      XL: |  1  2  3  4 |
---------------+-------------+-----
Axes           | 3 |  3.3
Dodging        | 2 |  2.3
Armour         | 3 |  3.1
Fighting       | 4 |  4.0

Action                   |  1- 3 |  4- 6 || total
-------------------------+-------+-------++-------
Melee: Hand axe          |   126 |    22 ||   148
Invok: Berserk           |       |     1 ||     1
  Eat: Chunk             |     1 |     2 ||     3
Armor: Animal skin       |    42 |    18 ||    60
Dodge: Dodged            |   111 |    24 ||   135
